AoeStats
← novakmarek.spk

Runestones

508186535Analyzed
1v1 RM · 11d ago on Sep 21, 2026· 48m 53s· 2 players
Game mode
Random Map
Map size
Tiny (2 player)
Population
200
Speed
Normal
Resources
Standard
Victory
Conquest
Starting age
Dark Age
Ending age
Imperial Age
RankedLock teamsTeams togetherTeam positionsShared explorationLock speedFull tech treeHidden civsTurbo modeCheats
Victory
Defeat
🇪🇸 Lithuanians · Spain
963
+16
🇨🇿 Britons · Czechia
955
-16
novakmarek.spk
4:55 Loom
9:54 Feudal Age
15:45 Double-Bit Axe
16:03 Fletching
16:14 Padded Archer Armor
22:31 Castle Age
21:45 Forging
21:35 Scale Mail Armor
23:31 Bodkin Arrow
23:16 Pikeman
25:28 Crossbowman
29:42 Bow Saw
29:15 Horse Collar
32:07 Gold Mining
32:07 Stone Mining
33:08 Leather Archer Armor
34:03 Ballistics
35:05 Town Watch
36:01 Murder Holes
38:59 Treadmill Crane
42:29 Imperial Age
41:22 Yeomen
41:56 Elite Skirmisher
49:22 Bracer
gosi1991
5:38 Loom
5:56 Loom
10:05 Feudal Age
10:50 Double-Bit Axe
12:05 Scale Barding Armor
13:51 Forging
17:26 Scale Mail Armor
22:01 Castle Age
21:42 Horse Collar
22:03 Stone Mining
23:16 Bow Saw
22:32 Man-at-Arms
24:30 Stone Shaft Mining
23:58 Long Swordsman
28:03 Wheelbarrow
28:04 Chain Mail Armor
28:45 Squires
29:07 Fletching
30:09 Thumb Ring
31:24 Bodkin Arrow
31:47 Elite Skirmisher
32:28 Light Cavalry
33:14 Husbandry
33:36 Arson
38:24 Ballistics
42:24 Imperial Age
40:15 Hand Cart
41:21 Padded Archer Armor
42:29 Capped Ram
43:45 Murder Holes
43:48 Town Watch
44:25 Conscription
45:12 Tower Shields
48:05 Two-Handed Swordsman
Connection lost

Rejoining the realm…

Still unreachable

The connection could not be restored.

Session expired

The server has moved on; the page needs a fresh start.